 Seeded DCSS version 0.30.0-13-g156ef70053 (webtiles) character file.

Game seed: 5 (custom seed)

64 Kazon the Sneak (level 4, -2/30 HPs)
             Began as an Octopode Brigand on May 17, 2023.
             Frozen to death by an endoplasm (4 damage)
             ... on level 2 of the Dungeon.
             The game lasted 00:04:05 (965 turns).

Kazon the Sneak (Octopode Brigand)                   Turns: 965, Time: 00:04:06

Health: -2/30      AC:  1    Str: 16    XL:     4   Next: 12%
Magic:  4/4        EV:  8    Int: 19    God:
Gold:   78         SH: 10    Dex: 13    Spells: 3/3 levels left

rFire   + + .        a - +2 dagger
rCold   . . .        c - +0 tower shield
rNeg    . . .        (helmet restricted)
rPois   .            (no amulet)
rElec   +            d - ring "Nesypour" {Drain rElec rF++ Str+4 Int+6}
rCorr   .            (no ring)
SInv    .            (no ring)
Will    .....        (no ring)
Stlth   ++++         (no ring)
HPRegen 0.25/turn    (no ring)
MPRegen 0.09/turn    (no ring)
                     (no ring)

%: no passive effects
@: no status effects
A: almost no armour, amphibious, 8 rings, camouflage 1, gelatinous body 1,
(nimble swimmer 1), tentacles
a: no special abilities


You were on level 2 of the Dungeon.
You visited 1 branch of the dungeon, and saw 2 of its levels.

You collected 78 gold pieces.

Inventory:

Hand Weapons
 a - a +2 dagger (weapon)
Missiles
 b - 9 poisoned darts (quivered)
 e - 3 curare-tipped darts
 g - 2 stones
 l - 3 boomerangs
Armour
 c - a +0 tower shield (worn)
Jewellery
 d - the ring "Nesypour" (left tentacle) {Drain rElec rF++ Str+4 Int+6}
   (You acquired it on level 1 of the Dungeon)

   [ring of intelligence]

   Str:       It affects your strength (+4).
   Int:       It affects your intelligence (+6).
   rF:        It greatly protects you from fire.
   rElec:     It insulates you from electricity.
   Drain:     It drains your maximum health when unequipped.
Potions
 f - a potion of resistance {unknown}
 h - a potion of magic {unknown}
 k - 2 potions of curing {unknown}


   Skills:
 + Level 2.4 Fighting
 + Level 2.5 Short Blades
 + Level 2.1 Throwing
 + Level 1.2 Dodging
 + Level 6.7 Stealth
 + Level 0.1 Shields


You had 3 spell levels left.
You didn't know any spells.
Your spell library was empty.

Dungeon Overview and Level Annotations

Branches:
Dungeon (2/15)

Altars:


Innate Abilities, Weirdness & Mutations

You cannot wear most types of armour.
You are amphibious.
You can wear up to eight rings at the same time.
Your skin changes colour to match your surroundings (Stealth+).
Your rubbery body absorbs attacks. (AC +1, EV +1)
((You are camouflaged when in or above water. (Stealth+)))
You have tentacles for arms and can constrict up to eight enemies at once.


Message History

Items here: ††††.
An endoplasm comes into view.
An endoplasm is nearby!
Items here: ††††.
A kobold comes into view. It is wielding a +0 dagger.
A frilled lizard and a goblin come into view.
The frilled lizard hisses angrily.
The helpless hobgoblin fails to defend itself.
You impale the hobgoblin!!
You kill the hobgoblin!
The goblin shouts!
The kobold hits you with a +0 dagger.
You hit the kobold. Your grab misses the kobold.
Your squeeze misses the kobold.
The kobold is heavily wounded.
The kobold hits you with a +0 dagger.
You hit the kobold. Your grab misses the kobold.
The kobold is severely wounded.
The kobold hits you with a +0 dagger.
* * * LOW HITPOINT WARNING * * *
You hit the kobold.
You kill the kobold!
You block the goblin's attack. The goblin hits you with a +0 dagger.
* * * LOW HITPOINT WARNING * * *
You see here a +0 dagger.
The endoplasm quivers.
You hit the frilled lizard.
You kill the frilled lizard!
The goblin hits you with a +0 dagger.
* * * LOW HITPOINT WARNING * * *
You hit the goblin. You grab the goblin.
The goblin is severely wounded.
You constrict the goblin.
You kill the goblin!
You hit the endoplasm.
The endoplasm is heavily wounded.
The endoplasm freezes you.
You are frozen.
You die...

######## ..# #####......<
..# ....#.)..... ..
................ ###.#..#
##.. .............
.?......# ##..#
###..........
.........##...# #....!...##
..............##
#........#<
..........@†.###..####...##
...#....J)..#... #...†.
#.#####........ #...##
#..J<...#...... #.....
####......#..........###
#.....####.........##
#.....# ###+..## #.....#
.## ...........+


You could see an endoplasm.

Vanquished Creatures
  2 adders (D:2)
  2 bats (D:1)
  5 endoplasms (D:1)
  A giant cockroach (D:1)
  7 goblins
  2 hobgoblins
  11 jackals
  2 kobolds
  3 ball pythons
  2 frilled lizards
  A rat (D:1)
38 creatures vanquished.

Notes
Turn   | Place    | Note
-------+----------+-------------------------------------------
     0 | D:1      | Kazon the Octopode Brigand began the quest for the Orb.
     0 | D:1      | Reached XP level 1. HP: 14/14 MP: 1/1
    35 | D:1      | Identified a scroll of acquirement
    35 | D:1      | Acquired the ring "Nesypour" {Drain rElec rF++ Str+4 Int+6}
   111 | D:1      | Reached skill level 6 in Stealth
   111 | D:1      | Reached XP level 2. HP: 11/19 MP: 2/2
   314 | D:1      | Reached XP level 3. HP: 24/24 MP: 3/3
   942 | D:2      | Reached XP level 4. HP: 14/30 MP: 4/4
   965 | D:2      | Frozen to death by an endoplasm

Illustrated notes

Levels and vault maps discovered:
D:1:      ebering_trefoil_3fold, layout_basic, st_stairs_14, serial_bayou_ford_a
D:2:      layout_basic, hangedman_decor_growths, minmay_close_crescents

Skill      XL: |  1 |
---------------+----+-----
Stealth        | 6 |  6.7
Fighting       | |  2.4
Short Blades   | |  2.5
Throwing       | |  2.1
Dodging        | |  1.2
Shields        | |  0.1

Action                     |  1- 3 |  4- 6 || total
---------------------------+-------+-------++-------
  Melee: Dagger            |    73 |    10 ||    83
         Constrict         |    16 |     2 ||    18
         Tentacles         |    11 |       ||    11
         Punch             |     1 |       ||     1
  Throw: Dart              |     3 |       ||     3
    Use: Scroll            |     3 |       ||     3
   Stab: Sleeping          |     9 |     1 ||    10
 Armour: Skin              |     8 |       ||     8
  Dodge: Dodged            |    13 |     1 ||    14
  Block: Tower shield      |    28 |     3 ||    31
